 Dungeon Crawl Stone Soup version 0.27-a0-1105-g946c659c87 (webtiles) character file.

Game seed: 8926591346766402078

244 Armakuni the Twirler (level 5, 0/46 HPs)
             Began as a Demigod Gladiator on Apr 30, 2021.
             Succumbed to kobold brigand's curare-tipped dart
             ... in a sewer.
             The game lasted 00:04:55 (2718 turns).

Armakuni the Twirler (Demigod Gladiator)            Turns: 2718, Time: 00:04:56

Health: 0/46       AC:  6    Str: 15    XL:     5   Next: 52%
Magic:  7/7        EV: 11    Int: 14    God:
Gold:   859        SH:  0    Dex: 15    Spells: 4/4 levels left

rFire    . . .     SeeInvis .   b - +0 hand crossbow
rCold    . . .     Faith    .   (no shield)
rNeg     . . .     Spirit   .   g - +0 ring mail
rPois    .         Reflect  .   c - +0 helmet
rElec    .         Harm     .   (no cloak)
rCorr    .         Rampage  .   (no gloves)
Will     .....                  (no boots)
Stlth    +.........             (no amulet)
HPRegen  0.15/turn              W - ring of wizardry
MPRegen  0.10/turn              (no ring)

@: lethally poisoned (0 -> -8), slowed, studying Air Magic, very slow
A: high mp 1, forlorn
a: no special abilities


You were in a sewer.
You visited 1 branch of the dungeon, and saw 3 of its levels.
You also visited: Sewer.

You collected 859 gold pieces.

Inventory:

Hand Weapons
 a - a +1 quarterstaff
 b - a +0 hand crossbow (weapon)
Missiles
 f - 51 bolts (quivered ammo)
 i - a curare-tipped dart
Armour
 c - a +0 helmet (worn)
 g - a +0 ring mail (worn)
Jewellery
 W - a ring of wizardry (left hand)
Scrolls
 h - 3 scrolls of amnesia
Potions
 k - a potion of cancellation
 m - a potion of curing {unknown}
 n - a potion of berserk rage {unknown}


   Skills:
 + Level 4.1 Fighting
 + Level 4.6 Staves
 - Level 1.7 Throwing
 - Level 2.6 Dodging


You had 4 spell levels left.
You didn't know any spells.
Your spell library contained the following spells:

 Spells                   Type           Power      Damage    Failure   Level
 Beastly Appendage        Tmut           0%         N/A       22%         1
 Wereblood                Tmut           0%         N/A       32%         2
 Spider Form              Tmut/Pois      0%         N/A       52%         3
 Ice Form                 Ice/Tmut       0%         N/A       89%         4
 Hydra Form               Tmut           0%         N/A       99%         5


Dungeon Overview and Level Annotations

Branches:
Dungeon (3/15)              Sewer (1/1)


Innate Abilities, Weirdness & Mutations

Your attributes grow dramatically as you level up.
You have an increased reservoir of magic. (+10% MP)
You shall have no god before yourself.


Message History

The kobold brigand throws a curare-tipped dart.
The curare-tipped dart barely misses you.
Fire: 52 bolts
Press: ? - help, Q - select action, (/) - cycle Shift-Dir - straight line, f/p - kobold brigand
Aim: a kobold brigand, wielding a +1 dagger of venom and quivering curare-tipped darts (58% to hit)
You shoot a bolt.
The bolt hits the kobold brigand but does no damage.
You hear a splash.
You feel sick.
The kobold brigand throws a curare-tipped dart.
The curare-tipped dart hits you.
You are more poisoned.
You have difficulty breathing.
You feel as though you will be slow longer.
The kobold throws a stone.
The stone barely misses you.
The kobold brigand throws a curare-tipped dart.
The curare-tipped dart closely misses you.
It was a potion of cancellation.
Your magical effects are unravelling.
You feel magically purged.
You feel yourself speed up.
* * * LOW HITPOINT WARNING * * *
You feel very sick.
The kobold brigand throws a curare-tipped dart.
The curare-tipped dart hits you.
You are more poisoned.
You have difficulty breathing.
* * * LOW HITPOINT WARNING * * *
You feel yourself slow down.
You feel much better.
You feel extremely sick.
It was a potion of magic.
Magic courses through your body.
You feel very sick.
You enter the shallow water.
Moving in this stuff is going to be slow.
* * * LOW HITPOINT WARNING * * *
You feel extremely sick.
The kobold hits you with a +0 short sword.
* * * LOW HITPOINT WARNING * * *
You die...

#≈#≈#( ≈# #≈#≈#≈#≈#
#≈#≈#( ≈# #≈#≈#≈#≈#
#≈#≈#≈#≈ #≈#≈#≈#≈#
#≈≈≈#.≈. #)÷≈#.≈≈#
##≈###≈# ##.###≈##
#)# #K# #≈# #≈#
#.###≈# #≈###≈#
#.≈≈K.# #≈≈≈†≈#
##≈@≈## ##.≈.##
#.≈≈# #≈≈≈# #≈≈.#
#.≈≈# #≈≈≈## ##.≈.#
#.≈..## ##..≈≈#
#.≈≈..#####.≈≈≈.#
##.≈≈.≈≈..≈.≈≈.####
###≈≈≈≈≈≈.≈.####.≈
##...≈..≈## #..≈


You could see a kobold brigand and a kobold.

Vanquished Creatures
  2 kobold brigands (Sewer)
  3 gnolls (D:1)
  3 adders
  A river rat (Sewer)
  A worm (D:2)
  2 bats
  2 endoplasms
  2 giant cockroaches
  3 goblins (D:1)
  3 hobgoblins
  2 jackals (D:2)
  5 kobolds
  A quokka (D:2)
  3 ball pythons
  6 rats
39 creatures vanquished.

Notes
Turn   | Place    | Note
-------+----------+-------------------------------------------
     0 | D:1      | Armakuni the Demigod Gladiator began the quest for the Orb.
     0 | D:1      | Reached XP level 1. HP: 17/17 MP: 3/3
   848 | D:2      | Reached XP level 2. HP: 23/24 MP: 4/4
   865 | D:2      | Identified a scroll of acquirement
   865 | D:2      | Acquired a manual of Air Magic
  1249 | D:2      | Reached XP level 3. HP: 30/30 MP: 5/5
  1774 | D:2      | Acquired 795 gold pieces
  2026 | D:3      | Found a glowing drain.
  2035 | Sewer    | Entered a sewer
  2144 | Sewer    | Reached XP level 4. HP: 32/38 MP: 6/6
  2351 | Sewer    | Noticed a kobold brigand
  2376 | Sewer    | Killed a kobold brigand
  2377 | Sewer    | Reached XP level 5. HP: 32/46 MP: 7/7
  2717 | Sewer    | HP: 2/46 [kobold/+0 short sword (5)]
  2718 | Sewer    | Succumbed to kobold brigand's curare-tipped dart

Illustrated notes

Levels and vault maps discovered:
D:1:      evilmike_arrival_fibonacci_small, layout_basic,
          chequers_serial_rivers_small_b, minmay_pentomino_s2
D:2:      layout_loops_ring, shapermc_ecumenical_altar_venn
D:3:      layout_loops_ring, cheibrodos_sewer_entry_drain,
          chequers_serial_rivers_small_a, st_stairs_6, grunt_decor_mini_mirrors
Sewer:    sewer_co_tree

Skill      XL: |  1  2  3  4  5 |
---------------+----------------+-----
Fighting       | 2 3 4 |  4.1
Staves         | 3 4 |  4.6
Throwing       | |  1.7
Dodging        | |  2.6

Action                   |  1- 3 |  4- 6 || total
-------------------------+-------+-------++-------
Melee: Quarterstaff      |    86 |    55 ||   141
 Fire: Hand crossbow     |       |     6 ||     6
Throw: Throwing net      |     4 |     2 ||     6
  Use: Scroll            |     7 |     1 ||     8
       Potion            |       |     4 ||     4
 Stab: Held in net/web   |     2 |       ||     2
Armor: Ring mail         |    21 |    12 ||    33
Dodge: Dodged            |    64 |    27 ||    91

Table legend: (Time is in decaauts)
 A = Elapsed time spent in this place.
 B = Non-inter-level travel time spent in this place.
 C = Inter-level travel time spent in this place.
 D = Time resting spent in this place.
 E = Time spent auto-exploring this place.
 F = Levels seen in this place.
 G = Mean time per level.
                   A        B        C        D        E       F      G
               +--------+--------+--------+--------+--------+-----+--------+
         Total |   2833 |   2713 |    120 |    661 |   1495 |   4 |  708.2 |
       Dungeon |   2050 |   1930 |    120 |    381 |   1180 |   3 |  683.3 |
         Sewer |    783 |    783 |      0 |    280 |    314 |   1 |  783.0 |
               +--------+--------+--------+--------+--------+-----+--------+

Top non-repeatable levels by time:
     D:1: 1124 daAuts
     D:2: 886 daAuts
   Sewer: 783 daAuts
     D:3: 40 daAuts
